 Dungeon Crawl Stone Soup version 0.25-a0-667-gb977e01cb5 (webtiles) character file.

Game seed: 16002515050025836506, levelgen mode: deterministic

69 DasRunzen the Ducker (level 3, 0/30 HPs)
             Began as a Demigod Gladiator on Mar 27, 2020.
             Slain by a worm (10 damage)
             ... on level 2 of the Dungeon.
             The game lasted 00:03:43 (1266 turns).

DasRunzen the Ducker (Demigod Gladiator)            Turns: 1266, Time: 00:03:44

Health: 0/30       AC:  4    Str: 17    XL:     3   Next: 75%
Magic:  7/7        EV: 13    Int: 14    God:
Gold:   45         SH:  0    Dex: 17    Spells: 4/4 levels left

rFire    . . .     SeeInvis .   a - +0 trident
rCold    . . .     Gourm    .   (no shield)
rNeg     . . .     Faith    .   b - +0 leather armour
rPois    .         Spirit   .   c - +0 helmet
rElec    .         Reflect  .   (no cloak)
rCorr    .         Harm     .   (no gloves)
MR       .....     Rnd*Tele +   (no boots)
Stlth    ++........             (no amulet)
HPRegen  0.10/turn              j - ring of stealth
MPRegen  0.10/turn              l - ring of teleportation (curse)

@: no status effects
A: high mp 1
a: no special abilities


You were on level 2 of the Dungeon.
You were not hungry.

You visited 1 branch of the dungeon, and saw 2 of its levels.

You collected 45 gold pieces.

Inventory:

Hand Weapons
 a - a +0 trident (weapon)
Missiles
 d - 3 throwing nets (quivered)
Armour
 b - a +0 leather armour (worn)
 c - a +0 helmet (worn)
Jewellery
 j - a ring of stealth (left hand)
 l - a cursed ring of teleportation (right hand)
Scrolls
 g - a scroll of fear
Potions
 e - a potion of heal wounds
 h - 2 potions of flight
 i - a potion of degeneration {unknown}
 m - a potion of berserk rage {unknown}
 n - a potion of resistance {unknown}
 o - 2 potions of brilliance {unknown}
Comestibles
 f - 3 rations


   Skills:
 + Level 2.3 Fighting
 + Level 3.1 Polearms
 - Level 1.7 Throwing
 + Level 1.3 Armour
 + Level 3.1 Dodging
 + Level 1.0 Spellcasting


You had 4 spell levels left.
You didn't know any spells.
Your spell library was empty.

Dungeon Overview and Level Annotations

Branches:
Dungeon (2/15)


Innate Abilities, Weirdness & Mutations

You have an increased reservoir of magic. (+10% MP)


Message History

You see here a bat corpse.
You start resting.
You feel strangely unstable.
You are suddenly yanked towards a nearby monster!
Your surroundings suddenly seem different.
Found a fuming amethyst potion, a hunting sling and 34 stones.
Found a stone staircase leading up.
A worm comes into view.
A hobgoblin comes into view.
Found an escape hatch in the ceiling.
Found a stone staircase leading down.
The helpless worm fails to defend itself.
You hit the worm.
The worm is moderately wounded.
The worm bites you.
You puncture the worm!
The worm is heavily wounded.
You hit the worm.
The worm is severely wounded.
The worm bites you!
You die...

#########
........#
........#
.....)..# .
........########
##.
..............!#
...
...............##
#.# .
.........@.......
#.#
..........w....#.
#.####
...........(...#
#.#...
...<...........#
#.###.
#...(..#.........
#)#...
#......#.......##
#.#.#.
..g..>####.#....
#.#.#. ....
...... #.....
###.#.


You could see a worm and a hobgoblin (sleeping).

Vanquished Creatures
  An ooze (D:1)
  2 worms (D:2)
  3 dart slugs (D:1)
  2 ball pythons (D:1)
  3 bats
  2 giant cockroaches (D:1)
  12 goblins
  7 hobgoblins
  5 jackals (D:2)
  2 kobolds
  3 frilled lizards (D:1)
  5 rats (D:1)
47 creatures vanquished.

Notes
Turn   | Place    | Note
-------+----------+-------------------------------------------
     0 | D:1      | DasRunzen the Demigod Gladiator began the quest for the
                  | Orb.
     0 | D:1      | Reached XP level 1. HP: 17/17 MP: 3/3
    94 | D:1      | Reached XP level 2. HP: 8/24 MP: 4/4
   734 | D:1      | Reached skill level 1 in Armour
   734 | D:1      | Reached XP level 3. HP: 29/29 MP: 6/6
  1082 | D:2      | Reached skill level 1 in Spellcasting
  1266 | D:2      | Slain by a worm

Levels and vault maps discovered:
D:1:      evilmike_arrival_crescent, layout_rooms, minmay_nonomino_d4
D:2:      layout_basic, lemuel_crystal_altar, chequers_ecumenical_altar_island

Skill      XL: |  1  2  3 |
---------------+----------+-----
Fighting       | 2 |  2.3
Dodging        | 3 |  3.1
Armour         | 1 |  1.3
Polearms       | 3 |  3.1
Spellcasting   | 1 |  1.0
Throwing       | |  1.7

Action                   || total
-------------------------++-------
Melee: Trident           ||   151
  Use: Potion            ||     1
       Scroll            ||     3
 Stab: Distracted        ||     1
       Sleeping          ||     3
  Eat: Chunk             ||     1
Armor: Leather armour    ||    29
Dodge: Dodged            ||    87

Table legend:
 A = Non-vault XP
 B = Vault XP
 C = Vault XP percentage of total XP
 D = Non-vault monster count
 E = Vault monster count
 F = Vault count percentage of total count
                 A         B        C        D         E       F
            +---------+---------+-------+---------+---------+-------
      Total |      94 |       5 |   5.1 |      43 |       4 |   8.5
            +---------+---------+-------+---------+---------+-------
        D:1 |      62 |       5 |   7.5 |      29 |       4 |  12.1
        D:2 |      32 |       0 |   0.0 |      14 |       0 |   0.0
            +---------+---------+-------+---------+---------+-------
